 Dungeon Crawl Stone Soup version 0.31-a0-986-g5e6e4ef867 (webtiles) character file.

Game seed: 1134172840583740420

2655 Dittersdorf the Shield-Bearer (level 9, -2/58 HPs)
             Began as a Gargoyle Fighter on Nov 3, 2023.
             Was an Initiate of Gozag.
             Slain by an orc warlord
             ... wielding a +2 battleaxe
              (17 damage)
             ... in a bailey.
             The game lasted 00:11:08 (6632 turns).

Dittersdorf the Shield-Bearer (Gargoyle Fighter)    Turns: 6632, Time: 00:11:08

Health: -2/58      AC: 21    Str: 24    XL:     9   Next: 62%
Magic:  9/9        EV:  8    Int:  9    God:    Gozag
Gold:   432        SH:  5    Dex:  9    Spells: 8/8 levels left

rFire   . . .        t - +2 flail (protect)
rCold   . . .        c - +0 buckler
rNeg    + . .        m - +0 chain mail
rPois   ∞            n - +0 helmet
rElec   +            (no cloak)
rCorr   .            b - +0 pair of gloves
SInv    +            o - +0 pair of boots
Will    .....        (no amulet) Stlth
                     i - ring of see invisible
HPRegen 0.29/turn    (no ring)
MPRegen 0.11/turn

%: no passive effects
@: mighty
A: sickness immunity, AC +6, negative energy resistance 1, electricity
resistance, torment resistance 1, petrification resistance
a: Renounce Religion, Potion Petition, Call Merchant, Bribe Branch


You were in a bailey.
You worshipped Gozag.
Gozag was aware of your devotion.
You visited 2 branches of the dungeon, and saw 8 of its levels.
You also visited: Bailey.

You collected 537 gold pieces.
You paid 105 gold pieces to Gozag.

Inventory:

Hand Weapons
 t - a +2 flail of protection (weapon)
Missiles
 f - a throwing net
Armour
 b - a +0 pair of gloves (worn)
 c - a +0 buckler (worn)
 m - a +0 chain mail (worn)
 n - a +0 helmet (worn)
 o - a +0 pair of boots (worn)
 p - a +0 plate armour
Jewellery
 e - a ring of fire
 i - a ring of see invisible (left hand)
Wands
 j - a wand of paralysis (12)
Scrolls
 a - a scroll of teleportation {unknown}
 g - 2 scrolls of revelation
 h - a scroll of brand weapon
 q - 2 scrolls of enchant weapon
 s - 5 scrolls of fog {unknown}
 u - 2 scrolls of blinking {unknown}
Potions
 d - a potion of might
 k - a potion of resistance
 l - 5 potions of curing
 r - a potion of cancellation {unknown}
 v - a potion of haste {unknown}
 w - a potion of magic {unknown}


   Skills:
 + Level 7.7 Fighting
 + Level 6.7 Maces & Flails
 + Level 7.8 Armour
 + Level 7.8 Shields


You had 8 spell levels left.
You didn't know any spells.
Your spell library contained the following spells:

 Spells                   Type           Power      Damage    Failure   Level
 Necrotise                Necr           0%         1d4       92%         1
 Static Discharge         Conj/Air       0%         3-3/arc   98%         2
 Frozen Ramparts          Ice            0%         1d1       100%        3
 Ignite Poison            Fire/Tmut/Pois 0%         N/A       100%        3
 Inner Flame              Hex/Fire       0%         N/A       100%        3
 Stone Arrow              Conj/Erth      0%         3d7       100%        3
 Airstrike                Air            0%         2d(0-16)  100%        4
 Anguish                  Hex/Necr       0%         N/A       100%        4
 Animate Armour           Summ/Erth      0%         N/A       100%        4
 Cause Fear               Hex            0%         N/A       100%        4
 Flame Wave               Conj/Fire      0%         2d4       100%        4
 Petrify                  Tmut/Erth      0%         N/A       100%        4
 Summon Lightning Spire   Summ/Air       0%         N/A       100%        4
 Metabolic Englaciation   Hex/Ice        0%         N/A       100%        5
 Yara's Violent Unravell  Hex/Tmut       0%         3d3       100%        5
 Starburst                Conj/Fire      0%         6d3       100%        6
 Enfeeble                 Hex            0%         N/A       100%        7
 Lehudib's Crystal Spear  Conj/Erth      0%         10d2      100%        8


Dungeon Overview and Level Annotations

Branches:
Dungeon (7/15)             Temple (1/1) D:6          Bailey (1/1)

Altars:
Ashenzari
Cheibriados
Dithmenos
Elyvilon
Fedhas
Gozag
Hepliaklqana
Kikubaaqudgha
Makhleb
Nemelex Xobeh
Ru
Vehumet
Wu Jian
Zin
The Shining One

Shops:
D:2 (

Annotations:
D:5 2 transporters, perezv8180's ghost, novice MfGl


Innate Abilities, Weirdness & Mutations

You are immune to sickness and miasma.
Your stone body is resilient. (AC +6)
You are immune to poison.
You resist negative energy. (rN+)
You are resistant to electric shocks. (rElec)
You are resistant to unholy torment.
You are immune to petrification.


Message History

You sock the orc warlord!
The orc warlord is heavily wounded.
The orc warlord closely misses you.
You thump the orc warlord!
The orc warlord is severely wounded.
The orc warlord hits you but does no damage.
You barely miss the orc warlord.
The orc warlord is severely wounded.
The orc warlord hits you but does no damage.
You block the orc warlord's attack.
You sock the orc warlord!
The orc warlord is severely wounded.
The orc warlord barely misses you.
You sock the orc warlord!
The orc warlord is almost dead.
The orc warlord hits you but does no damage.
You barely miss the orc warlord.
The orc warlord is almost dead.
The orc warlord hits you but does no damage.
You thump the orc warlord!
The orc warlord is almost dead.
The orc warlord hits you but does no damage.
You closely miss the orc warlord.
The orc warlord is almost dead.
The orc warlord hits you but does no damage.
You barely miss the orc warlord.
The orc warlord is almost dead.
You block the orc warlord's attack.
You barely miss the orc warlord.
The orc warlord is almost dead.
The orc warlord hits you with a +2 battleaxe!
* * * LOW HITPOINT WARNING * * *
You closely miss the orc warlord.
The orc warlord is almost dead.
You block the orc warlord's attack.
You barely miss the orc warlord.
The orc warlord is almost dead.
The orc warlord hits you with a +2 battleaxe!
You die...
Your body crumbles into a pile of gold.

##### ##### ##...## ##...##
##.....## ##.....##
##.......#######.......##
##..8..8...........8..8..##
#.........................#
#..............@..........#
#...8......#''o#......8...#
##......####~~~####......##
♣##...).#~~~~~~~~~#.....##♣
♣.##..).#~.8...8.~#....##.♣
♣♣..###'###.......###'###..♣♣
♣...~~()#~~.8...8.~ #(~~~...♣
♣...~~~(#~...... .. #)~~~...♣
∩...~~()# #.~~~...∩


You could see an orc warlord.

Vanquished Creatures
  Pikel (D:4)
  Prince Ribbit (D:4)
  Edmund (D:5)
  4 orc warriors
  A black bear (D:6)
  A sky beast (D:6)
  An ice beast (D:4)
  An ogre (D:6)
  A lemure (D:4)
  A kobold brigand (D:6)
  4 scorpions
  3 wights (D:6)
  2 howler monkeys
  3 orc priests (D:3)
  A jelly (D:7)
  A gnoll bouda (D:3)
  2 hounds
  A sleepcap (D:6)
  3 orc wizards
  An iguana (D:3)
  12 gnolls
  3 adders
  A white imp (D:6)
  2 ufetubi (D:6)
  A worm (D:3)
  4 dart slugs
  12 orcs
  4 bats
  11 endoplasms
  3 giant cockroaches
  11 hobgoblins
  4 jackals (D:1)
  6 quokkas
  9 ball pythons
  7 frilled lizards
  17 goblins
  18 kobolds
  3 rats
162 creatures vanquished.

Notes
Turn   | Place    | Note
-------+----------+-------------------------------------------
     0 | D:1      | Dittersdorf the Gargoyle Fighter began the quest for the
                  | Orb.
     0 | D:1      | Reached XP level 1. HP: 14/14 MP: 1/1
   206 | D:1      | Reached XP level 2. HP: 19/19 MP: 2/2
   410 | D:1      | Reached XP level 3. HP: 13/23 MP: 3/3
   801 | D:2      | Found Jisej's Antique Weapon Boutique.
  1260 | D:2      | Reached XP level 4. HP: 29/29 MP: 4/4
  1832 | D:3      | Found a faded altar of an unknown god.
  1992 | D:3      | Reached XP level 5. HP: 24/33 MP: 5/5
  3141 | D:4      | Found a shadowy altar of Dithmenos.
  3142 | D:4      | Noticed an ice beast
  3169 | D:4      | Killed an ice beast
  3170 | D:4      | Reached XP level 6. HP: 39/39 MP: 6/6
  3281 | D:4      | Reached skill level 5 in Fighting
  3281 | D:4      | Reached skill level 5 in Armour
  3281 | D:4      | Reached skill level 5 in Shields
  3320 | D:4      | Reached XP level 7. HP: 24/44 MP: 7/7
  4267 | D:4      | Found a sparkling altar of Nemelex Xobeh.
  4355 | D:5      | Identified the "Kenwuf"
  4355 | D:5      | Entered Level 5 of the Dungeon
  4527 | D:5      | Noticed Pikel
  4528 | D:5      | Noticed Prince Ribbit
  4537 | D:5      | Noticed perezv8180's ghost (novice MfGl)
  4678 | D:4      | Killed Pikel
  4679 | D:4      | Reached skill level 5 in Maces & Flails
  4679 | D:4      | Reached XP level 8. HP: 36/51 MP: 8/8
  4749 | D:4      | Killed Prince Ribbit
  4892 | D:5      | Found a transporter.
  4913 | D:5      | Found a transporter.
  5005 | D:5      | Noticed Edmund
  5020 | D:5      | Killed Edmund
  5311 | D:6      | Reached XP level 9. HP: 46/56 MP: 9/9
  5443 | D:6      | Found a staircase to the Ecumenical Temple.
  5452 | Temple   | Entered the Ecumenical Temple
  5882 | D:6      | Found an opulent altar of Gozag.
  5888 | D:6      | Became a worshipper of Gozag Ym Sagoz the Greedy
  6069 | D:6      | Found a glowing silver altar of Zin.
  6174 | D:7      | Identified the "Xaerash"
  6174 | D:7      | Identified the "Oduzuvue"
  6174 | D:7      | Identified the "Zaod"
  6174 | D:7      | Identified the of Fesaif
  6226 | D:7      | Found a flagged portal.
  6253 | Bailey   | Entered a bailey
  6296 | Bailey   | Noticed an orc warlord
  6409 | Bailey   | Found a runed translucent gate.
  6411 | Bailey   | Found a runed translucent gate.
  6602 | Bailey   | Found a runed translucent gate.
  6632 | Bailey   | Slain by an orc warlord

Illustrated notes

Levels and vault maps discovered:
D:1:      ebering_hopf_link, layout_basic, st_stairs_12,
          chequers_serial_rivers_micro_b
D:2:      layout_loops_ring, serial_shops, shop, minmay_misc_feat_secret_circle
D:3:      layout_loops_corners, serial_forest, infiniplex_forest_clump_curved,
          infiniplex_forest_straight_2, infiniplex_forest_zigzag_2,
          infiniplex_forest_straight_2, infiniplex_forest_clump_small,
          infiniplex_forest_diagonal, basic_ecumenical_altar,
          grunt_decor_mini_mirrors
D:4:      layout_cave_pools, old_standard_altar, nemelex_dance_club_becter
D:5:      layout_cave_pools, gammafunk_ghost_arena, uniq_pikel,
          uniq_prince_ribbit1, uniq_edmund
D:6:      layout_loops_cross, pdpol_temple_overflow_zin_treasury_gozag_greed,
          minmay_temple_entry_slanted
D:7:      layout_basic, mainiacjoe_overflow_surrounded_room,
          nicolae_qazlal_eye_of_the_storm, mainiacjoe_overflow_cross_hatched,
          mainiacjoe_overflow_concentric_impassable, led_sif_book,
          enter_bailey_5, uniq_crazy_yiuf_cottage
Temple:   minmay_freezing_vapour_temple
Bailey:   bailey_axe_bossmonster_kennysheep, bailey

Skill      XL: |  1  2  3  4  5  6  7  8  9 |
---------------+----------------------------+-----
Armour         | 4 5 6 7 |  7.8
Shields        | 4 5 6 7 |  7.8
Fighting       | 4 5 6 7 |  7.7
Maces & Flails | 3 4 5 6 |  6.7

Action                     |  1- 3 |  4- 6 |  7- 9 || total
---------------------------+-------+-------+-------++-------
  Melee: Flail             |   115 |   368 |   432 ||   915
  Evoke: Wand              |       |       |     1 ||     1
    Use: Scroll            |       |     6 |     3 ||     9
         Potion            |       |       |     1 ||     1
 Armour: Scale mail        |    97 |    87 |       ||   184
         Chain mail        |       |   105 |   409 ||   514
  Dodge: Dodged            |    51 |    94 |   180 ||   325
  Block: Buckler           |    26 |    47 |   107 ||   180

Table legend: (Time is in decaauts)
 A = Elapsed time spent in this place.
 B = Non-inter-level travel time spent in this place.
 C = Inter-level travel time spent in this place.
 D = Time resting spent in this place.
 E = Time spent auto-exploring this place.
 F = Levels seen in this place.
 G = Mean time per level.
                   A        B        C        D        E       F      G
               +--------+--------+--------+--------+--------+-----+--------+
         Total |   6851 |   6503 |    348 |   1013 |   3461 |   9 |  761.2 |
       Dungeon |   6458 |   6110 |    348 |    908 |   3461 |   7 |  922.6 |
        Temple |      1 |      1 |      0 |      0 |      0 |   1 |    1.0 |
        Bailey |    391 |    391 |      0 |    105 |      0 |   1 |  391.0 |
               +--------+--------+--------+--------+--------+-----+--------+

Top non-repeatable levels by time:
     D:3: 2041 daAuts
     D:4: 1221 daAuts
     D:1: 879 daAuts
     D:6: 870 daAuts
     D:2: 727 daAuts
     D:5: 637 daAuts
  Bailey: 391 daAuts
     D:7: 80 daAuts
  Temple: 1 daAuts
